 Dungeon Crawl Stone Soup version 0.21.1-1-g345015fe64 (webtiles) character file.

286718 kajmaj the Hoplite (level 19, -26/169 HPs)
             Began as a Minotaur Fighter on May 29, 2018.
             Was the Champion of Makhleb.
             Killed from afar by a deep elf sorcerer (29 damage)
             ... with damnation
             ... on level 3 of the Elven Halls on June 5, 2018.
             The game lasted 06:28:09 (37520 turns).

kajmaj the Hoplite (Minotaur Fighter)              Turns: 37520, Time: 06:28:09

Health: -26/169    AC: 22    Str: 29    XL:     19   Next: 84%
Magic:  26/26      EV: 14    Int:  3    God:    Makhleb [******]
Gold:   2809       SH: 28    Dex: 13    Spells: 18/18 levels left

rFire    + . .     SeeInvis .   J - +6 hand axe of Mytiasso {holy, Int+2}
rCold    . . .     Gourm    .   Q - +0 large shield
rNeg     + . .     Faith    .   k - +3 plate armour {rF+}
rPois    +         Spirit   .   (helmet restricted)
rElec    .         Reflect  +   s - scarf {repulsion}
rCorr    .         Harm     .   R - +1 pair of gloves {Dex+3}
MR       ++...                  r - +2 pair of boots
Stlth    ..........             b - +2 amulet of reflection
HPRegen  0.38/turn              j - ring of protection from magic
MPRegen  0.20/turn              S - ring of positive energy

@: corroded, repel missiles
A: retaliatory headbutt, horns 2, blink, dopey 2, poison resistance
}: 2/15 runes: decaying, serpentine
a: Blink, Minor Destruction, Lesser Servant of Makhleb, Major Destruction,
Greater Servant of Makhleb, Renounce Religion


You were on level 3 of the Elven Halls.
You worshipped Makhleb.
Makhleb was exalted by your worship.
You were not hungry.

You visited 7 branches of the dungeon, and saw 33 of its levels.
You visited the Abyss 1 time.
You also visited: Sewer and Ice Cave.

You collected 3548 gold pieces.
You spent 739 gold pieces at shops.

Inventory:

Hand Weapons
 a - a +7 war axe of chopping
 e - a +2 antimagic flail
 F - a +4 demon whip of freezing
 J - the +6 hand axe of Mytiasso (weapon) {holy, Int+2}
   (You found it on level 4 of the Swamp)

   It has been blessed by the Shining One to cause great damage to the undead
   and demons.
   It affects your intelligence (+2).
Armour
 c - a +1 shield
 k - a +3 plate armour of fire resistance (worn)
 r - a +2 pair of boots (worn)
 s - a scarf of repulsion (worn)
 O - a +1 cloak of invisibility
 Q - a +0 large shield (worn)
 R - a +1 pair of gloves of dexterity (worn)
Jewellery
 b - a +2 amulet of reflection (around neck)
 h - a +2 ring of strength
 j - a ring of protection from magic (left hand)
 L - an uncursed amulet of guardian spirit
 S - a ring of positive energy (right hand)
 V - an uncursed ring of protection from cold
 X - an uncursed ring of resist corrosion
 Y - an uncursed ring of protection from fire
Wands
 g - a wand of digging (9)
 m - a wand of paralysis (68)
 w - a wand of acid (4)
 B - a wand of polymorph (38)
 D - a wand of flame (67)
 E - a wand of random effects (23)
 M - a wand of scattershot (7)
 N - a wand of clouds (3)
 U - a wand of disintegration (31)
Scrolls
 l - 14 scrolls of remove curse
 o - 3 scrolls of summoning
 x - 12 scrolls of teleportation
 y - a scroll of silence
 A - 2 scrolls of brand weapon
 C - 2 scrolls of fear
 K - a scroll of holy word
 T - 2 scrolls of magic mapping
 Z - 13 scrolls of identify
Potions
 i - a potion of cancellation
 q - 9 potions of flight
 t - 10 potions of curing
 G - a potion of magic
 H - 3 potions of might
 I - a potion of haste
Miscellaneous
 d - a fan of gales (inert)
 n - a box of beasts
 v - a lamp of fire
 P - a lightning rod (4/4)
Comestibles
 f - 38 rations


   Skills:
 - Level 14.8 Fighting
 - Level 16.0(16.3) Axes
 - Level 5.5(12.0) Maces & Flails
 - Level 15.9 Armour
 - Level 11.4 Dodging
 * Level 23.5 Shields
 - Level 11.3 Invocations
 - Level 10.6 Evocations


You had 18 spell levels left.
You didn't know any spells.

Dungeon Overview and Level Annotations

Branches:
Dungeon (13/15)            Temple (1/1) D:6            Lair (6/6) D:10
  Swamp (4/4) Lair:2        Snake (4/4) Lair:2        Slime (0/5) Lair:6
    Orc (2/2) D:12            Elf (3/3) Orc:2        Vaults (0/5) D:13

Altars:
Cheibriados
Dithmenos
Elyvilon
Fedhas
Makhleb
Nemelex Xobeh
Okawaru
Ru
Sif Muna
Trog
Uskayaw
Wu Jian
Zin
The Shining One
Beogh
Jiyva

Shops:
D:13 :*!   Orc:2 !([}

Annotations:
D:7 exclusion: oklob plant
Lair:5 exclusion: 2 oklob plants


Innate Abilities, Weirdness & Mutations

You reflexively headbutt those who attack you in melee.
You have a pair of horns on your head.
You can translocate small distances at will.
You are very dopey. (Int -4)
Your system is resistant to poisons. (rPois)


Message History

The deep elf sorcerer hits you but does no damage.
A deep elf death mage comes into view. It is wielding a short sword.
The deep elf sorcerer gestures at you while chanting.
The sphere of damnation explodes!
The damnation engulfs you!
* * * LOW HITPOINT WARNING * * *
The deep elf elementalist gestures wildly while chanting.
The deep elf elementalist seems to speed up.
You hear a shout! x3
Things that are here:
a battleaxe; a scale mail The deep elf sorcerer gestures at you while chanting.
The bolt of acid hits you!
* * * LOW HITPOINT WARNING * * *
The acid corrodes you!
You are splashed with acid!
The acid burns!
* * * LOW HITPOINT WARNING * * *
The deep elf elementalist gestures at the deep elf sorcerer while chanting.
Some walls begin to move on their own!
The deep elf sorcerer points at you and mumbles some strange words.
The sphere of damnation explodes!
The damnation engulfs you!
You die...

#e......#
##)# #).#
####.##
#.E.e.##
#E.e...#
##..e).[#
#..[)..##
#..[@..#
+......#
#.(..+.#
##+.##.#
#.# #.
### #. #.
#+


You could see a deep elf death mage, a deep elf sorcerer, a deep elf
elementalist and 2 earth elementals.

Vanquished Creatures
  the Lernaean hydra (Swamp:4)
  A lich (Abyss:2)
  A hellephant (Abyss:2)
  A deep elf blademaster (Elf:2)
  2 thorn hunters
  4 tentacled starspawn (Abyss:2)
  12 nagarajas (Snake:4)
  2 deep elf sorcerers (Elf:3)
  An orc warlord (Orc:1)
  A balrug (Abyss:2)
  3 deep elf elementalists (Elf:3)
  5 very ugly things (Abyss:2)
  A deep elf demonologist (Elf:2)
  2 deep elf annihilators (Elf:3)
  Azrael (D:13)
  An ettin (Orc:2)
  The ghost of Revguard the Basher, a journeyman DsGl of Kikubaaqudgha (Snake:1)
  A green death (Abyss:2)
  3 deep elf high priests
  Josephine (Lair:6)
  A great orb of eyes (Abyss:2)
  A rakshasa (Abyss:2)
  17 hydras
  A quicksilver dragon skeleton (Abyss:2)
  32 naga warriors
  A catoblepas (Lair:6)
  3 vault guards (D:13)
  6 anacondas
  A merfolk avatar (Lair:6)
  17 dancing weapons
  9 two-headed ogres
  A hell hog (Abyss:2)
  The ghost of ady5 the Cudgeler, a novice DsFi of Cheibriados (Orc:1)
  6 death yaks (Lair:3)
  10 alligators
  An ogre mage (Orc:2)
  2 thrashing horrors (Abyss:2)
  16 deep elf knights
  20 naga sharpshooters
  6 shock serpents
  3 orc high priests
  3 skeletal warriors (D:13)
  3 salamander mystics
  2 sun demons (Abyss:2)
  A fire crab (Elf:1)
  6 wretched stars (Abyss:2)
  10 large abominations (Abyss:2)
  2 spriggan druids (Swamp:3)
  3 spatial maelstroms (Abyss:2)
  A sixfirhy (Abyss:2)
  2 sea snakes (Lair:6)
  6 naga ritualists
  A death drake (Abyss:2)
  2 deep trolls (Orc:2)
  4 unseen horrors
  2 shadow demons (Elf:2)
  19 swamp dragons
  2 shambling mangroves (Swamp:1)
  A lindwurm (Lair:4)
  8 deep elf archers
  2 orc sorcerers (Orc:1)
  31 deep elf magi
  4 mana vipers
  7 cyclopes
  A manticore (D:13)
  5 ugly things
  A fire giant zombie (Abyss:2)
  8 salamanders
  Maurice (D:13)
  15 black mambas
  3 elephants (Lair:6)
  2 smoke demons (Abyss:2)
  11 guardian serpents
  An ice statue (IceCv)
  An apocalypse crab (Abyss:2)
  2 gargoyles
  An orange demon (Abyss:2)
  20 naga magi
  A molten gargoyle (Lair:4)
  18 spiny frogs
  An efreet (D:13)
  4 torpor snails (Lair:4)
  A hellion (Abyss:2)
  4 kobold demonologists
  2 ancient zymes (Abyss:2)
  5 rime drakes
  10 komodo dragons
  A tormentor (Abyss:2)
  A golden dragon simulacrum (Abyss:2)
  A red devil (Abyss:2)
  5 tyrant leeches
  8 trolls
  A polar bear (Lair:6)
  12 raiju (Abyss:2)
  15 hornets
  5 bog bodies
  3 blink frogs (Lair:6)
  9 hippogriffs
  22 slime creatures
  Sigmund (D:4)
  8 redbacks
  11 spriggans (Swamp:3)
  4 shadows
  3 air elementals
  6 starcursed masses (Abyss:2)
  3 vampires
  4 wyverns
  A water elemental (Abyss:2)
  2 fire bats (Lair:4)
  Eustachio (D:6)
  3 ynoxinuls (Abyss:2)
  45 yaks
  2 steam dragons
  4 wraiths
  4 fire elementals
  A neqoxec (Abyss:2)
  23 vampire mosquitoes
  3 hungry ghosts
  3 basilisks
  5 chaos spawn (Abyss:2)
  The ghost of yann the Shooter, an amateur HuWn of Fedhas (D:4)
  5 small abominations (Abyss:2)
  9 insubstantial wisps
  3 wargs
  18 swamp worms
  3 spatial vortices (Abyss:2)
  2 acid dragons
  81 nagas
  A soldier ant (shapeshifter) (Elf:1)
  15 water moccasins
  3 hell hounds (D:13)
  A swamp dragon zombie (Abyss:2)
  6 porcupines
  2 ice beasts
  14 swamp drakes
  14 orc warriors
  A black bear (D:13)
  An eye of draining (Abyss:2)
  A phantom (D:12)
  2 sky beasts
  5 boggarts
  A necrophage (D:9)
  16 wolves
  19 ogres
  15 crocodiles
  12 centaurs
  5 big kobolds
  Blork the orc (D:5)
  10 bullfrogs
  A wyvern skeleton (D:12)
  3 earth elementals (Elf:2)
  4 scorpions
  12 killer bees
  12 wights
  4 bullfrog zombies
  5 howler monkeys
  7 quasits
  3 centaur zombies
  8 crimson imps
  12 hounds
  A lava snake (Lair:4)
  4 jellies
  12 orc priests
  14 orc wizards
  2 iron imps (Abyss:2)
  2 centaur skeletons
  Ijyb (D:2)
  7 worker ants
  4 iguanas
  A killer bee zombie (D:5)
  3 hound zombies
  21 adders
  4 gnolls (D:4)
  A river rat (Sewer)
  2 shadow imps
  21 white imps
  5 ufetubi
  3 oozes
  An adder zombie (D:3)
  3 adder skeletons
  3 worms
  A dart slug (D:2)
  2 leopard geckos
  67 orcs
  3 ball pythons
  2 giant cockroaches
  13 goblins
  5 hobgoblins
  10 jackals
  4 quokkas
  9 bats
  A frilled lizard (D:3)
  25 kobolds
  A leopard gecko skeleton (D:8)
  24 rats
  A bush (D:5)
  2 fungi
  A plant (Lair:6)
  4 starspawn tentacles (Abyss:2)
1288 creatures vanquished.

Vanquished Creatures (collateral kills)
  Asterion (Snake:1)
  A deep elf master archer (Elf:2)
  Kirke (Lair:6)
  A reaper (Abyss:2)
  3 hydras (Lair:6)
  A vault guard (D:13)
  A catoblepas (Lair:6)
  An anaconda (Snake:1)
  An ogre mage (Orc:2)
  A two-headed ogre (Orc:2)
  4 dancing weapons (Elf:2)
  A thrashing horror (Abyss:2)
  2 deep elf knights (Elf:2)
  2 deep elf archers (Elf:1)
  A harpy (Lair:6)
  4 deep elf magi (Elf:2)
  A worldbinder (Abyss:2)
  An ugly thing (D:13)
  An elephant (Lair:6)
  A guardian serpent (Snake:1)
  2 black mambas
  An ice devil (D:11)
  A rime drake (Lair:6)
  A komodo dragon (Lair:6)
  An ancient zyme (Abyss:2)
  A troll (Orc:1)
  A wind drake (Lair:6)
  A hornet (Lair:6)
  2 polar bears (Lair:6)
  A blink frog (Lair:6)
  A raiju (Abyss:2)
  A vampire (D:13)
  3 wraiths (Lair:6)
  A chaos spawn (Abyss:2)
  A naga (Snake:1)
  A water moccasin (Lair:6)
  7 orc warriors
  2 ogres (Orc:2)
  2 crocodiles
  A quasit (Abyss:2)
  2 orc priests
  2 orc wizards
  2 iguanas (D:13)
  12 orcs
  A fungus (Lair:6)
  3 plants (Lair:6)
84 creatures vanquished.

Vanquished Creatures (others)
  A deep elf knight (Elf:1)
  A wizard (D:13)
  A rime drake (Lair:6)
  2 nagas
  An acid dragon (D:13)
  4 white imps (IceCv)
  3 ufetubi (IceCv)
  17 fungi
  A lurking horror (Abyss:2)
  25 plants
  12 starspawn tentacles (Abyss:2)
68 creatures vanquished.

Grand Total: 1440 creatures vanquished

Notes
Turn   | Place    | Note
-------+----------+-------------------------------------------
     0 | D:1      | kajmaj the Minotaur Fighter began the quest for the Orb.
     0 | D:1      | Reached XP level 1. HP: 19/19 MP: 0/0
   283 | D:1      | Reached XP level 2. HP: 27/27 MP: 1/1
   570 | D:2      | Noticed Ijyb
   609 | D:2      | Killed Ijyb
   609 | D:2      | Reached skill level 4 in Shields
   609 | D:2      | Reached XP level 3. HP: 30/33 MP: 2/2
   749 | D:2      | Reached XP level 4. HP: 37/40 MP: 3/3
  1531 | D:3      | Found a glowing drain.
  1573 | D:3      | Reached XP level 5. HP: 42/47 MP: 4/4
  1587 | Sewer    | Entered a sewer
  1803 | Sewer    | Found a white marble altar of Elyvilon.
  2262 | D:3      | Found a sparkling altar of Nemelex Xobeh.
  2501 | D:4      | Reached skill level 5 in Axes
  2501 | D:4      | Reached skill level 5 in Armour
  2501 | D:4      | Reached XP level 6. HP: 55/55 MP: 5/5
  2510 | D:4      | Noticed yann's ghost (amateur HuWn)
  2553 | D:3      | Reached skill level 5 in Fighting
  2614 | D:4      | Reached skill level 5 in Shields
  3037 | D:4      | Reached XP level 7. HP: 61/61 MP: 6/6
  3038 | D:4      | Got a shimmering ring mail
  3039 | D:4      | Identified the +1 ring mail of the Learner {*Slow +Fly rC- Str+8} (You found it on level 4 of the Dungeon)
  3255 | D:4      | Killed yann's ghost
  3404 | D:4      | Noticed Sigmund
  3409 | D:4      | Killed Sigmund
  3409 | D:4      | Reached skill level 6 in Shields
  3675 | D:5      | Entered Level 5 of the Dungeon
  3675 | D:5      | Noticed Blork the orc
  3679 | D:5      | Killed Blork the orc
  3679 | D:5      | Reached XP level 8. HP: 70/70 MP: 7/7
  4220 | D:6      | Found a staircase to the Ecumenical Temple.
  4230 | Temple   | Entered the Ecumenical Temple
  4238 | Temple   | Became a worshipper of Makhleb the Destroyer
  4375 | D:6      | Noticed Eustachio
  4381 | D:6      | Killed Eustachio
  4971 | D:7      | Reached skill level 7 in Shields
  5119 | D:7      | Reached XP level 9. HP: 79/79 MP: 8/8
  5232 | D:7      | Reached * piety under Makhleb
  5442 | D:7      | Found a blossoming altar of Fedhas.
  5470 | D:7      | Noticed an oklob plant
  6314 | D:8      | Reached skill level 10 in Axes
  6466 | D:8      | Reached skill level 8 in Shields
  6880 | D:8      | Reached ** piety under Makhleb
  6954 | D:8      | Noticed a two-headed ogre
  6958 | D:8      | Reached XP level 10. HP: 90/90 MP: 9/9
  6965 | D:8      | Killed a two-headed ogre
  7306 | D:8      | Found a deep blue altar of Sif Muna.
  8293 | D:10     | Entered Level 10 of the Dungeon
  8407 | D:10     | Reached *** piety under Makhleb
  8747 | D:10     | Noticed a two-headed ogre
  8754 | D:10     | Killed a two-headed ogre
  8754 | D:10     | Reached skill level 9 in Shields
  8899 | D:10     | Found a staircase to the Lair.
  9125 | D:10     | Noticed a gargoyle
  9131 | D:10     | Killed a gargoyle
  9131 | D:10     | Reached skill level 5 in Invocations
  9260 | D:10     | Killed an unseen horror
  9260 | D:10     | Reached XP level 11. HP: 63/97 MP: 13/13
  9778 | D:11     | Reached **** piety under Makhleb
  9795 | D:11     | Found a frozen archway.
  9814 | IceCv    | Entered an ice cave
 10555 | D:11     | Found a shadowy altar of Dithmenos.
 10566 | D:11     | Killed an unseen horror
 10632 | Lair:1   | Entered Level 1 of the Lair of Beasts
 11005 | Lair:1   | Reached skill level 15 in Axes
 11956 | Lair:2   | Reached XP level 12. HP: 74/104 MP: 16/16
 12156 | Lair:2   | Found a staircase to the Snake Pit.
 12173 | Lair:2   | Found a staircase to the Swamp.
 12607 | Lair:2   | Noticed a six-headed hydra
 12615 | Lair:2   | Killed a seven-headed hydra
 12883 | Lair:3   | Noticed a four-headed hydra
 12893 | Lair:3   | Killed a five-headed hydra
 12893 | Lair:3   | Reached ***** piety under Makhleb
 12944 | Lair:3   | Reached skill level 1 in Evocations
 13013 | Lair:3   | Noticed a death yak
 13019 | Lair:3   | Noticed a death yak
 13019 | Lair:3   | Killed a death yak
 13020 | Lair:3   | Noticed a death yak
 13021 | Lair:3   | Noticed a death yak
 13023 | Lair:3   | Noticed a death yak
 13025 | Lair:3   | Noticed a death yak
 13051 | Lair:3   | Killed a death yak
 13057 | Lair:3   | Killed a death yak
 13064 | Lair:3   | Killed a death yak
 13064 | Lair:3   | Reached skill level 10 in Shields
 13072 | Lair:3   | Killed a death yak
 13072 | Lair:3   | Reached skill level 10 in Fighting
 13085 | Lair:3   | Killed a death yak
 14176 | Lair:4   | Reached skill level 10 in Armour
 14433 | Lair:4   | Reached skill level 11 in Shields
 14438 | Lair:4   | Reached XP level 13. HP: 114/114 MP: 16/18
 14504 | Lair:4   | Found a snail-covered altar of Cheibriados.
 15851 | Lair:5   | You fall through a shaft!
 15851 | Lair:6   | Entered Level 6 of the Lair of Beasts
 15925 | Lair:6   | Reached skill level 12 in Shields
 15949 | Lair:6   | Paralysed by a hornet for 2 turns
 15953 | Lair:6   | Paralysed by a hornet for 2 turns
 16497 | Lair:6   | Reached skill level 5 in Evocations
 16559 | Lair:6   | Noticed Josephine
 16572 | Lair:6   | Killed Josephine
 16726 | Lair:6   | Found a staircase to the Slime Pits.
 16726 | Lair:6   | Found a viscous altar of Jiyva.
 16832 | Lair:6   | Reached skill level 13 in Shields
 16993 | Lair:6   | Reached XP level 14. HP: 124/124 MP: 20/20
 17008 | Lair:6   | Noticed Kirke
 17035 | Lair:6   | Killed Kirke
 17035 | Lair:6   | Reached skill level 10 in Invocations
 17248 | Lair:6   | Reached skill level 1 in Maces & Flails
 17654 | Swamp:1  | Entered Level 1 of the Swamp
 17668 | Swamp:1  | Got a faintly humming ring mail
 17669 | Swamp:1  | Identified the +0 ring mail of the Carpenter {rF+ rC+ Regen+ Dex-2} (You found it on level 1 of the Swamp)
 18097 | D:11     | Reached skill level 5 in Maces & Flails
 18943 | D:12     | Found a staircase to the Orcish Mines.
 18998 | Orc:1    | Entered Level 1 of the Orcish Mines
 18998 | Orc:1    | Noticed an orc warlord
 18998 | Orc:1    | Noticed ady5's ghost (novice DsFi)
 19010 | Orc:1    | Killed an orc warlord
 19018 | Orc:1    | Killed ady5's ghost
 19135 | Orc:1    | Found a roughly hewn altar of Beogh.
 19152 | Orc:1    | Paralysed by an orc sorcerer for 2 turns
 19448 | Orc:2    | Entered Level 2 of the Orcish Mines
 19970 | Orc:2    | Reached skill level 14 in Shields
 20170 | Orc:2    | Found a staircase to the Elven Halls.
 20209 | Orc:2    | Found Zaremaeg's Distillery.
 20211 | Orc:2    | Found Xeistri's Armour Boutique.
 20230 | Orc:2    | Found Qiucumi's Gadget Shoppe.
 20254 | Orc:2    | Found Lajif's Weapon Shop.
 20350 | Orc:2    | Bought a potion of heal wounds for 80 gold pieces
 20350 | Orc:2    | Bought a potion of curing for 48 gold pieces
 20350 | Orc:2    | Bought a potion of haste for 160 gold pieces
 20350 | Orc:2    | Bought a potion of curing for 48 gold pieces
 20760 | Orc:2    | Reached XP level 15. HP: 126/134 MP: 16/21
 20812 | Orc:2    | Found a roughly hewn altar of Beogh.
 20938 | Elf:1    | Entered Level 1 of the Elven Halls
 21483 | Elf:1    | Reached ****** piety under Makhleb
 22590 | Elf:1    | Reached skill level 15 in Shields
 22715 | Elf:1    | Reached skill level 1 in Dodging
 23189 | Elf:2    | Reached skill level 5 in Dodging
 23231 | Elf:2    | Found a deep blue altar of Sif Muna.
 23350 | Elf:2    | Identified the Collected Works on Creation
 23583 | Elf:2    | Found a huge runed gate.
 23585 | Elf:2    | Found a huge runed gate.
 23588 | Elf:2    | Found a huge runed gate.
 23590 | Elf:2    | Noticed a deep elf blademaster
 23598 | Elf:2    | Killed a deep elf blademaster
 23598 | Elf:2    | Reached XP level 16. HP: 144/145 MP: 18/22
 24478 | Elf:3    | Entered Level 3 of the Elven Halls
 24566 | Elf:3    | Reached skill level 10 in Dodging
 24581 | Elf:3    | Noticed a deep elf master archer
 24819 | Elf:2    | Killed a deep elf master archer
 24822 | Elf:2    | Killed a ghostly deep elf master archer
 24822 | Elf:2    | Reached skill level 15 in Armour
 26015 | D:13     | Noticed Azrael
 26033 | D:13     | Killed Azrael
 26069 | D:13     | Found Uharorouwk's Assorted Antiques.
 26199 | D:13     | Found Legepali's Book Shoppe.
 26354 | D:13     | Found Lothrum's Distillery.
 26359 | D:13     | Noticed Maurice
 26378 | D:13     | Killed Maurice
 26422 | D:13     | Bought 2 potions of heal wounds for 130 gold pieces
 26422 | D:13     | Bought a potion of invisibility for 104 gold pieces
 26422 | D:13     | Bought a potion of heal wounds for 65 gold pieces
 26422 | D:13     | Bought a potion of cancellation for 104 gold pieces
 26489 | D:13     | Found a gate to the Vaults.
 26590 | D:13     | Got a transparent leather armour
 26601 | D:13     | Identified the cursed +0 leather armour "Seulalu" {rN+ MR- Stlth+} (You found it on level 13 of the Dungeon)
 26624 | D:13     | Found a bloodstained altar of Trog.
 26816 | D:13     | Gained mutation: Armour fits poorly on your strangely shaped body. [potion of mutation]
 26816 | D:13     | Gained mutation: Your muscles are strong. (Str +2) [potion of mutation]
 26816 | D:13     | Gained mutation: You are robust. (+10% HP) [potion of mutation]
 26817 | D:13     | Lost mutation: You are robust. (+10% HP) [potion of mutation]
 26817 | D:13     | Lost mutation: Your muscles are strong. (Str +2) [potion of mutation]
 26817 | D:13     | Lost mutation: Armour fits poorly on your strangely shaped body. [potion of mutation]
 26817 | D:13     | Gained mutation: You are dopey. (Int -2) [potion of mutation]
 26817 | D:13     | Gained mutation: You have large cloven feet. [potion of mutation]
 26817 | D:13     | Lost mutation: You are dopey. (Int -2) [potion of mutation]
 26817 | D:13     | Gained mutation: You are agile. (Dex +2) [potion of mutation]
 26818 | D:13     | Lost mutation: You are agile. (Dex +2) [potion of mutation]
 26818 | D:13     | Lost mutation: You have large cloven feet. [potion of mutation]
 26818 | D:13     | Gained mutation: You are dopey. (Int -2) [potion of mutation]
 26818 | D:13     | Gained mutation: You can translocate small distances at will. [potion of mutation]
 26818 | D:13     | Gained mutation: Your system is resistant to poisons. (rPois) [potion of mutation]
 28135 | Swamp:3  | Reached XP level 17. HP: 135/152 MP: 17/23
 28964 | Swamp:4  | Entered Level 4 of the Swamp
 29106 | Swamp:4  | Reached skill level 10 in Evocations
 29116 | Swamp:4  | Noticed the 27-headed Lernaean hydra
 29133 | Swamp:4  | Killed the 27-headed Lernaean hydra
 29292 | Swamp:4  | Got a decaying rune of Zot
 29458 | Swamp:4  | Got a crude hand axe
 29459 | Swamp:4  | Identified the +6 hand axe of Mytiasso {holy, Int+2} (You found it on level 4 of the Swamp)
 30001 | Snake:1  | Entered Level 1 of the Snake Pit
 30016 | Snake:1  | Reached skill level 16 in Shields
 30521 | Snake:1  | Noticed Revguard's ghost (journeyman DsGl)
 30542 | Snake:1  | Killed Revguard's ghost
 30790 | Snake:1  | Noticed Asterion
 31188 | Snake:1  | Killed Asterion
 31862 | Snake:2  | Reached skill level 17 in Shields
 31862 | Snake:2  | Reached XP level 18. HP: 162/162 MP: 25/25
 32789 | Snake:3  | Reached skill level 18 in Shields
 33847 | Snake:4  | Entered Level 4 of the Snake Pit
 33932 | Snake:4  | Reached skill level 19 in Shields
 34602 | Snake:4  | Reached skill level 20 in Shields
 35045 | Snake:4  | Reached XP level 19. HP: 169/169 MP: 26/26
 35065 | Snake:4  | Reached skill level 21 in Shields
 35303 | Snake:4  | Got a serpentine rune of Zot
 35896 | Elf:3    | Cast into level 2 of the Abyss (a deep elf sorcerer)
 35980 | Abyss:2  | Paralysed by a great orb of eyes for 6 turns
 35983 | Abyss:2  | Gained mutation: You are very dopey. (Int -4) [a neqoxec]
 36081 | Abyss:2  | Reached skill level 22 in Shields
 36165 | Abyss:2  | Found a corrupted altar of Lugonu.
 36576 | Abyss:2  | Noticed a hellephant
 36593 | Abyss:2  | Killed a hellephant
 36848 | Abyss:2  | Reached skill level 23 in Shields
 37023 | Abyss:2  | Noticed a bone dragon
 37155 | Abyss:2  | Found a corrupted altar of Lugonu.
 37490 | Elf:3    | Escaped the Abyss
 37520 | Elf:3    | HP: 3/169 [acid (13)]
 37520 | Elf:3    | Killed from afar by a deep elf sorcerer

Skill      XL: |  1  2  3  4  5  6  7  8  9 10 11 12 13 14 15 16 17 18 19 |
---------------+----------------------------------------------------------+-----
Fighting       | 4 5 6 7 8 9 10 11 12 13 14 | 14.8
Axes           | 3 4 5 6 7 9 11 12 15 16 | 16.0
Armour         | 4 5 6 7 8 9 10 11 12 14 15 | 15.9
Shields        | 4 5 6 7 8 9 11 13 14 15 17 20 23 | 23.5
Invocations    | 5 7 8 9 10 11 | 11.3
Evocations     | 3 5 6 8 9 10 | 10.6
Maces & Flails | 5 |  5.5
Dodging        | 7 10 11 | 11.4

Action                   |  1- 3 |  4- 6 |  7- 9 | 10-12 | 13-15 | 16-18 | 19-21 || total
-------------------------+-------+-------+-------+-------+-------+-------+-------++-------
Melee: War axe           |    67 |   113 |   282 |   468 |   916 |  1172 |   232 ||  3250
       Headbutt          |     6 |    18 |    55 |   115 |   218 |   500 |   199 ||  1111
       Flail             |       |       |       |       |     3 |       |       ||     3
       Morningstar       |       |       |       |       |     6 |    48 |       ||    54
       Unarmed           |       |       |       |       |     4 |       |       ||     4
       Hand axe          |       |       |       |       |       |   265 |   429 ||   694
       Demon whip        |       |       |       |       |       |   239 |       ||   239
 Fire: Hunting sling     |     2 |       |     9 |       |     1 |       |       ||    12
Throw: Javelin           |       |    10 |    47 |     6 |       |       |       ||    63
       Tomahawk          |       |       |       |       |     1 |       |       ||     1
Invok: Minor Destruction |       |       |       |   324 |   476 |   261 |   134 ||  1195
       Lesser Servant of |       |       |       |    10 |    34 |    15 |       ||    59
       Major Destruction |       |       |       |     1 |     3 |     1 |     4 ||     9
       Greater Servant o |       |       |       |       |     2 |     4 |     4 ||    10
 Abil: Blink             |       |       |       |       |       |     1 |       ||     1
Evoke: Wand              |       |       |       |     8 |     5 |     4 |     2 ||    19
       Lightning rod     |       |       |       |     3 |     2 |     3 |       ||     8
       Box of beasts     |       |       |       |       |     2 |     3 |       ||     5
       Fan of gales      |       |       |       |       |     1 |     1 |     1 ||     3
       Lamp of fire      |       |       |       |       |     1 |       |       ||     1
       Sack of spiders   |       |       |       |       |       |     4 |       ||     4
  Use: Scroll            |     5 |     2 |    16 |    11 |    16 |    10 |     2 ||    62
       Potion            |     3 |     1 |       |     5 |     8 |    17 |     7 ||    41
 Stab: Distracted        |       |       |       |       |     4 |     1 |       ||     5
       Invisible         |       |       |       |       |     1 |       |       ||     1
  Eat: Chunk             |       |     7 |     7 |    14 |    23 |    16 |     4 ||    71
       Ration            |       |       |     2 |     3 |     2 |     7 |     1 ||    15
Armor: Scale mail        |    46 |    13 |       |     9 |       |       |       ||    68
       Leather armour    |       |    29 |       |       |       |       |       ||    29
       Ring mail         |       |       |    78 |    75 |       |       |       ||   153
       Skin              |       |       |       |    14 |       |       |       ||    14
       Plate armour      |       |       |       |    25 |   371 |   649 |   102 ||  1147
Dodge: Dodged            |    31 |    50 |    61 |   106 |   245 |   522 |   115 ||  1130
       Deflected         |       |       |     1 |    10 |    28 |    88 |    21 ||   148
Block: Shield            |    33 |    91 |   150 |   247 |   600 |  1206 |   128 ||  2455
       Reflection        |       |       |       |       |       |    47 |    28 ||    75
       Large shield      |       |       |       |       |       |       |   355 ||   355
